 Dungeon Crawl Stone Soup version bcrawl-1.21.2-28-g2cb1824106 (webtiles) character file.

Game seed: 18360933229612419038

15 Banto the Grave Robber (level 2, -1/23 HPs)
             Began as a Demigod Wanderer on Mar 6, 2020.
             Slain by a leopard gecko (4 damage)
             ... on level 1 of the Dungeon.
             The game lasted 00:00:51 (555 turns).

Banto the Grave Robber (Demigod Wanderer)            Turns: 555, Time: 00:00:52

Health: -1/23      AC:  2    Str: 16    XL:     2   Next: 34%
Magic:  5/5        EV: 11    Int: 17    God:    Demigod [......]
Gold:   37         SH:  0    Dex: 15    Spells: 2/3 levels left

rFire    . . .     SeeInvis .   d - +0 whip (drain)
rCold    . . .     Gourm    .   (no shield)
rNeg     . . .     Faith    .   g - +0 robe
rPois    .         Spirit   .   (no helmet)
rElec    .         Reflect  .   (no cloak)
rCorr    .         Harm     .   (no gloves)
MR       .....                  (no boots)
Stlth    ++........             (no amulet)
HPRegen  0.07/turn              (no ring)
MPRegen  0.09/turn              (no ring)

@: no status effects
A: high mp 1
a: no special abilities


You were on level 1 of the Dungeon.
You worshipped Demigod.
Demigod was noncommittal.
You were not hungry.

You visited 1 branch of the dungeon, and saw 1 of its levels.

You collected 37 gold pieces.

Inventory:

Hand Weapons
 d - a +0 whip of draining (weapon)
Armour
 g - a +0 robe (worn)
Jewellery
 k - an uncursed amulet of the acrobat {unknown}
Scrolls
 a - 2 scrolls of teleportation {unknown}
 b - a scroll of summoning
 h - a scroll of identify {unknown}
 l - a scroll of remove curse {unknown}
 m - a scroll of blinking {unknown}
Potions
 c - a potion of flight
 f - a potion of might
 i - a potion of cancellation {unknown}
 j - a potion of curing {unknown}
Comestibles
 e - 3 rations {!d}


   Skills:
 - Level 1.0 Fighting
 + Level 0.9 Maces & Flails
 - Level 1.0 Stealth
 - Level 1.7 Unarmed Combat
 - Level 1.0 Spellcasting
   Level 1.0 Hexes
 - Level 3.0 Necromancy
 + Level 1.4 Invocations
   Level 1.0 Evocations


You had 2 spell levels left.
You knew the following spells:

 Your Spells              Type           Power        Failure   Level  Hunger
a - Animate Skeleton      Necr           N/A          6%          1    ##.....

Your spell library contained the following spells:

 Spells                   Type           Power        Failure   Level  Hunger
 Pain                     Necr           ##....       6%          1    ##.....
 Vampiric Draining        Necr           ##........   19%         3    ####...
 Regeneration             Chrm/Necr      #.........   34%         3    ####...
 Animate Dead             Necr           N/A          52%         4    #####..
 Bolt of Draining         Conj/Necr      #.........   97%         5    ######.


Dungeon Overview and Level Annotations

Branches:
Dungeon (1/12)


Innate Abilities, Weirdness & Mutations

You have an increased reservoir of magic. (+10% MP)


Message History

You closely miss the leopard gecko. The kobold hits you but does no damage.
The leopard gecko closely misses you.
You closely miss the leopard gecko. The leopard gecko bites you.
The kobold hits you with a +0 whip.
You are too injured to fight recklessly!
You are too injured to fight recklessly!
The leopard gecko bites you.
* * * LOW HITPOINT WARNING * * *
Found a ring mail.
You hit the kobold.
You kill the kobold!
Your kill strengthens your divinity.
Training target 3.0 for Necromancy reached!
Your Necromancy skill increases to level 3!
Okay, then.
You hit the leopard gecko.
The leopard gecko is almost dead.
The leopard gecko bites you.
You die...
Your divinity fades.

........................##
..###############........#
..# ##........ ..#
#......... ..#
#######.###.#... ..#
#.......#)..# .. ..#
#....#?†#...###. ..# #...
###l..⌠....# ..# #..
#@###...#.. ..# #.
#..[#..%# ..# # ##..# ###
#.## .... #..# #####
#..#######.. #..>........
#.#.######## #.#.########


You could see a leopard gecko.

Vanquished Creatures
  A dart slug (D:1)
  2 leopard geckos (D:1)
  2 goblins (D:1)
  A hobgoblin (D:1)
  3 bats (D:1)
  A kobold (D:1)
  A rat (D:1)
11 creatures vanquished.

Notes
Turn   | Place    | Note
-------+----------+-------------------------------------------
     0 | D:1      | Banto the Demigod Wanderer began the quest for the Orb.
     0 | D:1      | Banto set off with the following items: a +0 club, a scroll
                  | of summoning, a potion of flight, a ration {!d}, a potion
                  | of might, a +0 robe; and the following spells available to
                  | memorise: Animate Skeleton, Pain, Vampiric Draining,
                  | Regeneration, Animate Dead, Bolt of Draining
     0 | D:1      | Reached XP level 1. HP: 16/16 MP: 4/4
     2 | D:1      | Learned a level 1 spell: Animate Skeleton
   414 | D:1      | Reached skill level 1 in Invocations
   460 | D:1      | Reached XP level 2. HP: 23/23 MP: 5/5
   554 | D:1      | Reached skill level 3 in Necromancy
   555 | D:1      | Slain by a leopard gecko

Skill      XL: |  1  2 |
---------------+-------+-----
Invocations    | 1 |  1.4
Necromancy     | 3 |  3.0
Fighting       | |  1.0
Maces & Flails | |  0.9
Stealth        | |  1.0
Unarmed Combat | |  1.7
Spellcasting   | |  1.0
Hexes          | |  1.0
Evocations     | |  1.0

Action                   || total
-------------------------++-------
Melee: Whip              ||    29
 Stab: Sleeping          ||     1
Armor: Robe              ||     7
Dodge: Dodged            ||    16
